Unix NetHack Version 3.7.0-53 Work-in-progress - last build Apr 1 2022 12:02:44 (7e311aa8f678825fd515f266b121b8a7a7199ace,branch:master). Game began 2022-04-02 00:25:57, ended 2022-04-02 00:36:22. Gandelf, neutral male human Monk --- --.--- ------- --..... |.....| -...... |.....| .^.--...---- #-- --....| -.--|......---.-- ------.--.| --...).......-------......||.| .--. ...................-----|.| ------ ..).. .<.........%...|..-- |.| --.)).------- ....................... ---- |.----- ----..%........--- .>..)................-- |.....---.|.|...-.--.....---- ....---....---......-- --..........|......|--......-- ...-- |..---|.......| |................-- |..|....| ...-- ---- |.......-- --- |...--...........| -----..-- ..... ---......| |.-- --.-- -.........-| |..-| ..... --.....|--..--- --- |..........| --..-- o.).. --...^--.....| --.---.--.-- |...| .@.. --..........| --- ------ |..-- .-- |........--- ---- |..--..--- ---- --- Gandelf the Novice St:16 Dx:10 Co:9 In:12 Wi:18 Ch:8 Neutral S:963 Dlvl:5 $:93 HP:0(22) Pw:28(28) AC:-1 Xp:4/155 T:1479 Fainted Stressed Deaf Latest messages: Your leg feels better. Your movements are only slowed slightly by your load. You are caught in a bear trap. You are caught in a bear trap. You are caught in a bear trap. You are beginning to feel weak. You rebalance your load. Movement is difficult. You are caught in a bear trap. You are caught in a bear trap. You are caught in a bear trap. You are caught in a bear trap. You are caught in a bear trap. You are caught in a bear trap. You are caught in a bear trap. You are caught in a bear trap. An arrow misses you. You are caught in a bear trap. An arrow misses you. An arrow misses you. You are caught in a bear trap. You are caught in a bear trap. You are caught in a bear trap. You are caught in a bear trap. You are caught in a bear trap. You are caught in a bear trap. An arrow misses you. You are caught in a bear trap. An arrow misses you. You are caught in a bear trap. You finally wriggle free. You faint from lack of food. You are hit by an arrow. You are hit by an arrow. An arrow misses you. An arrow misses you. You regain consciousness. You can hear again. You hear a D note squeak nearby. An arrow misses you. You faint from lack of food. The hill orc swings his curved sword. The hill orc hits! The hill orc swings his curved sword. The hill orc hits! You die... Do you want your possessions identified? [ynq] (y) y Do you want to see your attributes? [ynq] (y) y Do you want an account of creatures vanquished? [ynaq] (y) y Do you want to see your conduct and achievements? [ynq] (y) y Do you want to see the dungeon overview? [ynq] (y) y Major events: Turn 1: Gandelf the neutral male human Monk entered the dungeon 1088: attained the rank of Novice (level 3) 1090: entered the Gnomish Mines 1175: destroyed Gandelf's ghost, the former Novice 1479: killed by a hill orc, while fainted from lack of food Inventory: Coins $ - 93 gold pieces Weapons A - a +0 bow Armor D - an uncursed +1 dwarvish iron helm (being worn) a - an uncursed +2 pair of leather gloves (being worn) G - a cursed +2 pair of leather gloves E - an uncursed +0 dwarvish roundshield (being worn) F - a blessed +5 dwarvish cloak b - an uncursed +1 robe (being worn) H - an uncursed +1 robe Comestibles g - 7 uncursed apples I - 7 cursed apples f - 4 uncursed food rations q - an uncursed food ration u - an uncursed partly eaten food ration J - 5 cursed food rations i - 3 uncursed fortune cookies K - 4 uncursed fortune cookies h - 6 uncursed oranges L - 5 cursed oranges M - 2 cursed rotten tins of fox meat k - 2 uncursed eggs p - 2 uncursed lichen corpses w - an uncursed lichen corpse N - a cursed lichen corpse Scrolls v - an uncursed scroll of blank paper P - a cursed scroll of genocide s - an uncursed scroll of identify Q - a cursed scroll of identify l - an uncursed scroll of magic mapping O - a blessed scroll of remove curse Spellbooks c - a blessed spellbook of confuse monster R - a cursed spellbook of confuse monster B - an uncursed spellbook of haste self Potions t - an uncursed potion of invisibility e - 3 uncursed potions of water S - 3 potions of unholy water Rings r - an uncursed ring of stealth (on right hand) Wands y - a wand of polymorph (0:5) Tools o - a cursed blindfold n - a +0 pick-axe T - 5 cursed tallow candles Gems/Stones j - an uncursed aquamarine stone C - an uncursed jasper stone U - a cursed jasper stone Gandelf the Monk's attributes: Background: You were a Novice, a level 4 male human Monk. You were neutral, nominally on a mission for Chih Sung-tzu who was opposed by Shan Lai Ching (lawful) and Huan Ti (chaotic). You were in the Gnomish Mines, on level 5. You entered the dungeon 1479 turns ago. It was the midnight hour. There was a new moon in effect when your adventure ended. You had 155 experience points, 5 more were needed to attain level 5. Your score was 963 before end-of-game adjustments. Basics: You had 0 out of 22 hit points. You had all 28 energy points (spell power). Your armor class was -1. Your wallet contained 93 zorkmids. Autopickup was off. Final Characteristics: Your strength was 16 (base:17, limit:18/100). Your dexterity was 10 (limit:18). Your constitution was 9 (limit:18). Your intelligence was 12 (limit:18). Your wisdom was 18 (limit:18). Your charisma was 8 (limit:18). Final Status: You were deaf. You were fainted due to starvation. You were stressed; movement was moderately slowed. You were empty handed. You had basic skill with martial arts. Final Attributes: You were devoutly aligned. You were sleep resistant. You were poison resistant. You saw invisible. You were stealthy. You were guarded. You were fast. You are dead. Miscellaneous: You encountered 1 bones level. Total elapsed playing time was 10 minutes and 25 seconds. Vanquished creatures: a ghost a shrieker a gnomish wizard a dwarf a hobbit 4 gnomes a gecko 2 jackals a fox 2 goblins 2 grid bugs 3 lichens a kobold zombie 7 newts 28 creatures vanquished. No species were genocided or became extinct. Voluntary challenges: You followed a strict vegan diet. You were an atheist. You never hit with a wielded weapon. You read items or engraved 1 time. You never engraved Elbereth. You never genocided any monsters. You never polymorphed an object. You never changed form. You used no wishes. Achievements: You entered a shop. You attained the rank of Novice. You entered the Gnomish Mines. The Dungeons of Doom: levels 1 to 4 Level 1: Level 2: A health food store, some fountains, a grave. Level 3: Level 4: Stairs down to The Gnomish Mines. The Gnomish Mines: levels 5 to 6 Level 5: <- You were here. A grave. Final resting place for you, killed by a hill orc, while fainted from lack of food, Gandelf-Mon-Hum-Mal-Neu, killed by a dwarf. Level 6: Game over: ---------- / \ / REST \ / IN \ / PEACE \ / \ | Gandelf | | 93 Au | | killed by a hill | | orc | | | | | | 2022 | *| * * * | * _________)/\\_//(\/(/\)/\//\/|_)_______ Goodbye Gandelf the Monk... You died in The Gnomish Mines on dungeon level 5 with 954 points, and 93 pieces of gold, after 1479 moves. You were level 4 with a maximum of 22 hit points when you died.